 Dungeon Crawl Stone Soup version 0.31.0-2-g5a2aebc5c2 (webtiles) character file.

Game seed: 3679719181945695291

2584755 ShnitzelX3 the Executioner (level 26, 256/256 HPs)
             Began as a Hill Orc Monk on Jan 20, 2024.
             Was the Champion of Okawaru.
             Escaped with the Orb
             ... and 4 runes!
             The game lasted 03:52:43 (57417 turns).

ShnitzelX3 the Executioner (Hill Orc Monk)         Turns: 57417, Time: 03:52:43

Health: 256/256    AC: 45    Str: 26    XL:     26   Next: 67%
Magic:  19/38      EV: 17    Int: 14    God:    Okawaru [******]
Gold:   3353       SH:  5    Dex: 18    Spells: 25/25 levels left

rFire   + + .        a - +8 executioner's axe (elec)
rCold   + + .        (shield currently unavailable)
rNeg    . . .        Z - +13 plate armour of the Heavens {rElec rF- rC+ Regen+}
rPois   +            A - +2 helmet
rElec   +            o - scarf {rC+ rF+}
rCorr   +            k - +2 pair of gloves of Decompression {Will+}
SInv    .            y - +2 pair of boots {Fly}
Will    +++..        p - amulet of reflection Stlth
                     f - ring "Hoolih" {*Slow rPois rF+ Int+6 Dex+5}
HPRegen 1.42/turn    I - ring of Dioweits {^Drain rF+ Will+ rCorr Slay+2}
MPRegen 0.26/turn

%: slow self (1%), reflection
@: flying
A: dopey 1, inability to drink after injury 1
0: Orb of Zot
}: 4/15 runes: decaying, serpentine, silver, abyssal
a: Renounce Religion, Heroism, Finesse, Duel


You escaped.
You worshipped Okawaru.
Okawaru was exalted by your worship.
You visited 10 branches of the dungeon, and saw 46 of its levels.
You visited the Abyss 1 time.
You visited 1 bazaar.

You collected 7475 gold pieces.
You spent 4122 gold pieces at shops.

Inventory:

Hand Weapons
 a - a +8 executioner's axe of electrocution (weapon)
 b - a +2 antimagic broad axe
 i - the +6 hand axe of Tuosch {holy, rC+}
   (You found it on level 2 of the Realm of Zot)

   rC+:       It protects you from cold.
 n - the +10 glaive of Putrescence {flame, rN+ Str+3 Stlth+}
   (You found it on level 15 of the Dungeon)

   Str+3:     It affects your strength (+3).
   rN+:       It protects you from negative energy.
   Stlth+:    It makes you more stealthy.
 w - a +0 broad axe of flaming
Missiles
 m - 9 darts of dispersal
 v - 24 javelins
 M - 7 curare-tipped darts
 O - 24 atropa-tipped darts
 Q - 22 silver javelins (quivered)
 R - 20 boomerangs
Armour
 c - a +2 kite shield of reflection
 k - the +2 pair of gloves of Decompression (worn) {Will+}
   (You took it off Nikola on level 3 of the Vaults)

   Will+:     It increases your willpower.
 o - a scarf of resistance (worn)
 y - a +2 pair of boots of flying (worn)
 A - a +2 helmet (worn)
 Z - the +13 plate armour of the Heavens (worn) {rElec rF- rC+ Regen+}
   (Okawaru gifted it to you on level 11 of the Dungeon)

   rF-:       It makes you vulnerable to fire.
   rC+:       It protects you from cold.
   rElec:     It insulates you from electricity.
   Regen+:    It increases your rate of health regeneration.
Jewellery
 f - the ring "Hoolih" (left hand) {*Slow rPois rF+ Int+6 Dex+5}
   (You found it on level 15 of the Dungeon)

   [ring of intelligence]

   Int+6:     It affects your intelligence (+6).
   Dex+5:     It affects your dexterity (+5).
   rF+:       It protects you from fire.
   rPois:     It protects you from poison *Slow: It may slow you when you take
   damage.
 l - a ring of positive energy
 p - an amulet of reflection (around neck)
 I - the ring of Dioweits (right hand) {^Drain rF+ Will+ rCorr Slay+2}
   (You bought it in a shop on level 2 of the Vaults)

   [ring of willpower]

   Slay+2:    It affects your accuracy & damage with ranged weapons and melee
   (+2).
   rF+:       It protects you from fire.
   Will+:     It increases your willpower.
   rCorr:     It protects you from acid and corrosion.
   ^Drain:    It drains your maximum health when unequipped.
 K - the ring of Xoarist {rElec rC+ Dex+2 Slay-2 SInv}
   (You found it on level 15 of the Dungeon)

   [ring of protection from cold]

   Dex+2:     It affects your dexterity (+2).
   Slay-2:    It affects your accuracy & damage with ranged weapons and melee
   (-2).
   rC+:       It protects you from cold.
   rElec:     It insulates you from electricity.
   SInv:      It lets you see invisible.
 U - a +6 ring of dexterity
 V - the ring "Hoivvac" {Fly Str+6 Int-3 Dex+3}
   (You bought it in a shop on level 2 of the Vaults)

   [ring of strength]

   Str+6:     It affects your strength (+6).
   Int-3:     It affects your intelligence (-3).
   Dex+3:     It affects your dexterity (+3).
   Fly:       It grants you flight.
Wands
 q - a wand of digging (6)
 C - a wand of paralysis (67)
 H - a wand of polymorph (6)
 L - a wand of quicksilver (21)
 S - a wand of iceblast (31)
Scrolls
 d - a scroll of silence
 e - 2 scrolls of torment
 j - 3 scrolls of teleportation
 t - 6 scrolls of poison
 u - 7 scrolls of vulnerability
 z - 7 scrolls of fear
 E - a scroll of blinking
 G - 6 scrolls of immolation
 N - 4 scrolls of revelation
 T - 2 scrolls of brand weapon
 Y - 7 scrolls of fog
Potions
 g - 10 potions of curing
 h - 9 potions of attraction
 r - 7 potions of lignification
 s - 3 potions of invisibility
 x - 3 potions of cancellation
 B - 7 potions of resistance
 D - a potion of ambrosia
 F - 5 potions of berserk rage
 J - a potion of might
 P - 2 potions of heal wounds
 W - 3 potions of haste
 X - 10 potions of enlightenment


   Skills:
 + Level 24.7 Fighting
 + Level 25.4 Axes
 - Level 2.0 Ranged Weapons
 + Level 18.9 Throwing
 + Level 22.0 Armour
 + Level 16.0 Dodging
 - Level 0.1 Stealth
 - Level 4.3 Shields
 + Level 23.1 Invocations
 - Level 3.9 Evocations


You had 25 spell levels left.
You didn't know any spells.
Your spell library contained the following spells:

 Spells                   Type           Power      Damage    Failure   Level
 Apportation              Tloc           0%         N/A       77%         1
 Necrotise                Necr           0%         1d4       77%         1
 Sandblast                Erth           0%         2d4       77%         1
 Slow                     Hex            0%         N/A       77%         1
 Sting                    Conj/Alch      0%         1d3       77%         1
 Cigotuvi's Dreadful Rot  Necr/Alch/Air  0%         N/A       88%         2
 Ensorcelled Hibernation  Hex/Ice        0%         N/A       88%         2
 Jinxbite                 Hex            0%         N/A       88%         2
 Mercury Vapours          Alch/Air       0%         N/A       88%         2
 Sublimation of Blood     Necr           0%         N/A       88%         2
 Confusing Touch          Hex            0%         N/A       98%         3
 Dazzling Flash           Conj/Hex       0%         N/A       98%         3
 Frozen Ramparts          Ice            0%         1d1       98%         3
 Fugue of the Fallen      Necr           0%         N/A       98%         3
 Inner Flame              Hex/Fire       0%         N/A       98%         3
 Ozocubu's Armour         Ice            0%         N/A       98%         3
 Passwall                 Erth           0%         N/A       98%         3
 Sigil of Binding         Hex            0%         N/A       98%         3
 Stone Arrow              Conj/Erth      0%         3d7       98%         3
 Swiftness                Air            0%         N/A       98%         3
 Vampiric Draining        Necr           0%         2d6       98%         3
 Volatile Blastmotes      Fire/Tloc      0%         2d10      98%         3
 Brom's Barrelling Bould  Conj/Erth      0%         2d3       100%        4
 Dimensional Bullseye     Hex/Tloc       0%         N/A       100%        4
 Dispel Undead            Necr           0%         3d6       100%        4
 Ignite Poison            Fire/Alch      0%         N/A       100%        4
 Leda's Liquefaction      Alch/Erth      0%         N/A       100%        4
 Manifold Assault         Tloc           0%         N/A       100%        4
 Olgreb's Toxic Radiance  Alch           0%         N/A       100%        4
 Passage of Golubria      Tloc           0%         N/A       100%        4
 Petrify                  Alch/Erth      0%         N/A       100%        4
 Sticky Flame             Fire/Alch      0%         2d4       100%        4
 Vhi's Electric Charge    Tloc/Air       0%         N/A       100%        4
 Alistair's Intoxication  Alch           0%         N/A       100%        5
 Arcjolt                  Conj/Air       0%         1d10      100%        5
 Fireball                 Conj/Fire      0%         3d3       100%        5
 Freezing Cloud           Conj/Ice/Air   0%         6-21      100%        5
 Irradiate                Conj/Alch      0%         3d11      100%        5
 Iskenderun's Battlesphe  Conj           0%         2d6       100%        5
 Lee's Rapid Deconstruct  Erth           0%         3d4*      100%        5
 Metabolic Englaciation   Hex/Ice        0%         N/A       100%        5
 Yara's Violent Unravell  Hex/Alch       0%         3d3       100%        5
 Bombard                  Conj/Erth      0%         9d1       100%        6
 Conjure Ball Lightning   Conj/Air       0%         3x3d6     100%        6
 Eringya's Noxious Bog    Alch           0%         4d6       100%        6
 Plasma Beam              Fire/Air       0%         2x1d10    100%        6
 Starburst                Conj/Fire      0%         6d3       100%        6
 Orb of Destruction       Conj           0%         9d5       100%        7
 Discord                  Hex            0%         N/A       100%        8
 Disjunction              Tloc           0%         N/A       100%        8
 Ignition                 Fire           0%         3d3       100%        8
 Lehudib's Crystal Spear  Conj/Erth      0%         10d2      100%        8
 Maxwell's Capacitive Co  Air            0%         ∞         100%        8
 Summon Small Mammal      Summ           Unusable   N/A       N/A         1
 Call Canine Familiar     Summ           Unusable   N/A       N/A         3
 Tukima's Dance           Hex            Unusable   N/A       N/A         3
 Animate Armour           Summ/Erth      Unusable   N/A       N/A         4

Dungeon Overview and Level Annotations

Branches:
Dungeon (15/15)            Temple (0/1) D:6            Lair (5/5) D:8
  Swamp (4/4) Lair:3        Snake (4/4) Lair:2        Slime (1/5) Lair:4
    Orc (2/2) D:12            Elf (0/3) Orc:2        Vaults (5/5) D:13
  Crypt (1/3) Vaults:2     Depths (4/4) D:15            Zot (5/5) Depths:4

Altars:
Cheibriados
Elyvilon
Fedhas
Okawaru
Zin
Beogh

Shops:
D:4 =   D:10 (   D:13 ((   D:15 =*:   Orc:2 ***   Snake:1 *   Vaults:2 =
Vaults:3 [   Vaults:5 *   Depths:3 [=   Depths:4 *

Portals:
Hell: Depths:1 Depths:2 Depths:3 Depths:4
Abyss: Depths:3
Pandemonium: Depths:2
Ziggurat: Depths:4

Annotations:
Lair:4 1 runed translucent door
Orc:1 1 runed translucent door
Vaults:3 Norris
Depths:1 Mara
Depths:3 2 runed translucent doors


Innate Abilities, Weirdness & Mutations

You are dopey. (Int -2)
You occasionally lose the ability to drink potions when taking damage.


Message History

As you read the scroll of teleportation, it crumbles to dust.
You feel strangely unstable.
You feel the Orb delaying your translocation!
The smoke demon gestures at you.
The ball of steam hits you but does no damage.
Efezialan gestures at you. You resist with almost no effort.
Efezialan gestures.
The bolt of lightning hits you. You resist. The fiery plasma hits you!
You resist.
There is an open door here.
Your +8 executioner's axe of electrocution stops crackling.
You feel magic leave you.
b - a +2 antimagic broad axe (weapon)
You feel magic returning to you.
You hear the crackle of electricity.
a - a +8 executioner's axe of electrocution (weapon)
Efezialan gestures.
The bolt of lightning misses you. The fiery plasma hits you! You resist.
You reach down and close the door.
A smoke demon breaks down the door.
Efezialan gestures.
Efezialan gestures.
Your surroundings suddenly seem different.
An efreet comes into view.
It is wielding a +2 scimitar of flaming.
There is a stone staircase leading down here.
The efreet gestures at you.
The fireball explodes!
The fireball engulfs you but does no damage.
The efreet gestures at you. The bolt of fire misses you.
You reach down and open the door.
The efreet gestures at you.
The bolt of fire hits you but does no damage.
There is an open door here.
You reach down and open the door.
There is an open door here.
There is an open door here.
There is a staircase leading out of the dungeon here.
You have escaped!

######## ########
#####....... #......#
#........##. #.####.#
#.###.##.##. #.#..#.#
#.#.#.##.##. #.+.@'.#
#.#...##.##. #.#..#.#
#.#.####....
#.####'###......°....
#......'..##.####○...
######'##.##.####....
#.##......##☼...
#.....R...##○...
####..○°..##.R..
#......##☼...


There were no monsters in sight!

Vanquished Creatures
  4 dread liches
  4 orbs of fire
  2 Killer Klowns (Zot:5)
  5 curse toes (Zot:4)
  8 golden dragons
  A bone dragon (Abyss:5)
  Nikola (Vaults:3)
  A Brimstone Fiend (D:6)
  2 hellephants (Abyss:5)
  An electric golem (Zot:5)
  27 Orb Guardians
  19 tentacled monstrosities
  3 titans (Vaults:5)
  2 sphinxes
  3 liches
  7 quicksilver dragons
  A walking divine tome (Depths:3)
  Aizul (Vaults:2)
  Gastronok (D:9)
  8 death cobs
  11 storm dragons
  18 shadow dragons
  9 draconian monks
  A thorn hunter (Swamp:2)
  5 tengu reavers
  4 nagarajas (Snake:4)
  A fenstrider witch (Swamp:4)
  8 fire giants
  3 protean progenitors
  A deep elf sorcerer (Abyss:5)
  18 vault wardens
  4 draconian knights
  3 iron dragons
  8 frost giants
  8 draconian shifters
  8 ghost moths
  8 draconian scorchers
  2 orc warlords (Vaults:3)
  19 ironbound preservers
  Louise (Swamp:3)
  5 draconian stormcallers
  24 very ugly things
  4 vampire knights
  5 formless jellyfish
  7 ironbound thunderhulks
  2 deep elf death magi (Vaults:5)
  5 draconian annihilators
  21 stone giants
  4 deep elf demonologists (Vaults:5)
  A deep elf annihilator (Zot:1)
  10 black draconians
  2 eleionomae
  8 green draconians
  16 purple draconians
  3 war gargoyles (Vaults:5)
  6 red draconians
  2 bunyips
  18 dire elephants
  22 white draconians
  13 yellow draconians
  4 spark wasps (Depths:3)
  2 crystal guardians (Zot:1)
  17 fire dragons
  Snorg (D:13)
  20 ettins
  An ettin (shapeshifter) (Depths:4)
  A shambling mangrove (Swamp:1)
  An entropy weaver (Vaults:2)
  11 yaktaur captains
  3 deep elf high priests
  6 great orbs of eyes
  8 ice dragons
  2 spriggan air magi
  2 rakshasas (D:15)
  A salamander tyrant (Snake:4)
  35 vault guards
  25 hydras
  5 ogre magi
  9 alligators
  10 ironbound frosthearts
  6 anacondas
  23 centaur warriors
  A catoblepas (Lair:5)
  Erica (D:10)
  6 deep troll shamans
  A ghost crab (Swamp:4)
  5 two-headed ogres
  6 tengu warriors
  4 boulder beetles
  5 deep troll earth magi
  An occultist (Depths:1)
  16 naga warriors
  9 death yaks (Lair:5)
  5 shock serpents
  Urug (Lair:1)
  5 hell knights
  A vampire mage (Vaults:2)
  4 orc high priests (Orc:2)
  4 spriggan berserkers
  20 naga sharpshooters
  2 soul eaters
  A shock serpent (shapeshifter) (Vaults:5)
  A salamander mystic (Snake:2)
  3 goliath frogs
  4 fire crabs (Zot:4)
  7 iron trolls
  3 skysharks
  A spatial maelstrom (Abyss:5)
  A shadow wraith (Vaults:5)
  77 deep trolls
  5 skeletal warriors
  A skyshark (shapeshifter) (Depths:4)
  6 arcanists
  A snapping turtle (shapeshifter) (Vaults:1)
  A sun moth (shapeshifter) (Vaults:5)
  4 naga ritualists (Snake:4)
  3 spriggan druids
  7 swamp dragons
  3 glowing orange brains
  13 ironbound convokers
  6 bog bodies
  22 lindwurms
  11 mana vipers
  5 harpies (D:15)
  3 phantasmal warriors
  Pikel (D:8)
  10 orc knights
  9 deep elf pyromancers
  A deep elf zephyrmancer (D:15)
  The ghost of hito the Cleaver, a novice HORe (D:7)
  6 manticores
  A tengu zombie (Depths:1)
  21 ugly things
  10 cyclopes
  11 will-o-the-wisps
  A faun (shapeshifter) (Vaults:5)
  14 moths of wrath
  7 necromancers
  A worldbinder (Abyss:5)
  4 orc sorcerers
  A manticore (shapeshifter) (Zot:1)
  26 salamanders
  A centaur zombie (D:15)
  A meliai (shapeshifter) (D:15)
  32 elephants
  10 guardian serpents
  2 meliai
  39 black mambas
  2 kobold blastminers (Orc:1)
  19 vault sentinels
  A guardian serpent (shapeshifter) (Vaults:5)
  14 naga magi
  3 torpor snails
  13 cane toads
  A smoke demon (Abyss:5)
  2 torpor snails (shapeshifter)
  2 gargoyles
  2 centaur skeletons (D:15)
  A water nymph (shapeshifter) (Vaults:1)
  An efreet (D:15)
  Maggie (Lair:1)
  3 rime drakes
  13 komodo dragons
  2 freezing wraiths (Vaults:5)
  2 kobold demonologists (D:10)
  30 yaktaurs
  4 tengu conjurers
  A troll (shapeshifter) (D:15)
  6 polar bears
  7 tyrant leeches
  7 trolls
  3 wind drakes (Zot:3)
  A spriggan skeleton (Depths:1)
  24 hornets
  14 dream sheep
  A dream sheep (shapeshifter) (Vaults:4)
  2 glass eyes (D:15)
  13 blink frogs
  2 centaur simulacra (D:15)
  33 slime creatures
  4 shadows
  A spriggan (shapeshifter) (Vaults:5)
  6 wyverns
  2 vampires
  27 spriggans
  A ynoxinul (Abyss:5)
  4 fire bats (Lair:3)
  5 basilisks
  A fire elemental (Depths:1)
  5 wraiths
  51 yaks
  Eustachio (D:6)
  A golden eye (shapeshifter) (D:13)
  A neqoxec (Abyss:5)
  A steam dragon (D:7)
  A spriggan simulacrum (Depths:1)
  A warg (Orc:1)
  20 vampire mosquitoes
  4 spatial vortices (Abyss:5)
  A chaos spawn (Zot:5)
  A warg (shapeshifter) (D:15)
  52 nagas
  Edmund (D:6)
  20 swamp worms
  19 water moccasins
  5 acid dragons
  Duvessa (D:6)
  7 swamp drakes
  2 ice beasts
  20 orc warriors
  9 black bears
  A sky beast (D:8)
  5 laughing skulls (D:15)
  10 boggarts
  29 wolves
  2 small abominations (Abyss:5)
  6 ogres
  9 centaurs
  3 phantoms
  2 lemures (D:8)
  4 kobold brigands
  Blork the orc (D:5)
  11 bullfrogs
  4 gnoll sergeants
  5 scorpions
  2 wights (D:10)
  Dowan (D:6)
  13 killer bees
  An electric eel (Lair:3)
  The ghost of pigah the Changeling, a weakling OpSh (D:4)
  8 howler monkeys
  3 lava snakes
  2 hounds (D:5)
  33 orc priests
  A bombardier beetle (D:5)
  A gnoll bouda (D:10)
  7 jellies
  A sleepcap (D:6)
  Ijyb (D:4)
  3 iguanas
  34 orc wizards
  8 gnolls
  9 adders
  A white imp (D:5)
  3 dart slugs
  A ribbon worm (D:2)
  59 orcs
  5 ball pythons
  2 bats
  7 endoplasms
  3 giant cockroaches
  6 hobgoblins
  18 kobolds
  6 quokkas
  3 frilled lizards (D:1)
  4 goblins
  2 rats
  An aspiring flesh (Zot:3)
  A spectral weapon (Swamp:1)
1956 creatures vanquished.

Vanquished Creatures (others)
  A lich (Zot:1)
  A protean progenitor (Zot:4)
  A vampire knight (Depths:4)
  A boulder beetle (D:15)
  A bloated husk (Swamp:3)
  An orc warrior (Orc:1)
  A swamp drake (Swamp:4)
  A laughing skull (D:15)
  48 foxfires
56 creatures vanquished.

Grand Total: 2012 creatures vanquished

Notes
Turn   | Place    | Note
-------+----------+-------------------------------------------
     0 | D:1      | ShnitzelX3 the Hill Orc Monk began the quest for the Orb.
     0 | D:1      | Reached XP level 1. HP: 19/19 MP: 1/1
   236 | D:1      | Reached XP level 2. HP: 27/27 MP: 2/2
   336 | D:1      | Found a faded altar of an unknown god.
  1076 | D:2      | Reached XP level 3. HP: 32/33 MP: 3/3
  1317 | D:2      | Reached skill level 5 in Axes
  1729 | D:2      | Reached XP level 4. HP: 41/41 MP: 4/4
  1899 | D:3      | Identified the orb of Pan-Flutes {*Rage, Dex+7 Earth}
  2338 | D:3      | Reached skill level 1 in Armour
  2649 | D:4      | Noticed a scorpion
  2701 | D:4      | Found Wuinnyax's Jewellery Boutique.
  2846 | D:4      | Noticed a scorpion
  2856 | D:4      | Killed a scorpion
  2857 | D:4      | Reached XP level 5. HP: 44/47 MP: 5/5
  2918 | D:4      | Found a runed translucent gate.
  2918 | D:4      | Found a runed translucent gate.
  2918 | D:4      | Found a runed translucent gate.
  2918 | D:4      | Noticed pigah's ghost (weakling OpSh)
  3021 | D:4      | Noticed Ijyb
  3144 | D:4      | Found an iron altar of Okawaru.
  3149 | D:4      | Found a snail-covered altar of Cheibriados.
  3162 | D:4      | Became a worshipper of Warmaster Okawaru
  3162 | D:4      | Reached * piety under Okawaru
  3162 | D:4      | Reached ** piety under Okawaru
  3445 | D:4      | Killed Ijyb
  3446 | D:4      | Reached skill level 6 in Axes
  3447 | D:4      | Reached skill level 5 in Fighting
  3447 | D:4      | Reached skill level 1 in Invocations
  3447 | D:4      | Reached XP level 6. HP: 40/56 MP: 4/6
  3501 | D:5      | Entered Level 5 of the Dungeon
  3660 | D:5      | Noticed an ice beast
  3664 | D:5      | Reached skill level 1 in Ranged Weapons
  3756 | D:5      | an ogre changed into a swamp drake
  3756 | D:5      | Noticed a swamp drake
  4052 | D:5      | Reached XP level 7. HP: 53/61 MP: 6/8
  4538 | D:5      | Reached *** piety under Okawaru
  4629 | D:5      | Noticed Blork the orc
  4654 | D:5      | Killed Blork the orc
  4655 | D:5      | Reached skill level 7 in Axes
  4655 | D:5      | Reached skill level 1 in Shields
  4655 | D:5      | Reached XP level 8. HP: 70/70 MP: 10/10
  5153 | D:6      | Noticed Duvessa
  5157 | D:6      | Noticed Dowan
  5183 | D:6      | Killed Duvessa
  5194 | D:6      | Killed Dowan
  5422 | D:6      | Found a staircase to the Ecumenical Temple.
  5484 | D:6      | You fall into a shaft and drop 1 floor!
  5642 | D:6      | Noticed Edmund
  5650 | D:6      | Killed Edmund
  5726 | D:6      | Identified the +2 robe "Antoiwny" {rPois}
  5729 | D:6      | Noticed Eustachio
  5741 | D:6      | Killed Eustachio
  5742 | D:6      | Reached skill level 1 in Evocations
  5748 | D:6      | Reached XP level 9. HP: 66/78 MP: 10/12
  5753 | D:6      | Reached skill level 8 in Axes
  5753 | D:6      | Reached skill level 5 in Invocations
  6682 | D:7      | Noticed hito's ghost (novice HORe)
  6685 | D:7      | Found a runed translucent door.
  6729 | D:7      | Reached skill level 5 in Armour
  6831 | D:7      | Reached **** piety under Okawaru
  7156 | D:7      | Reached skill level 5 in Dodging
  7768 | D:8      | Reached skill level 9 in Axes
  7872 | D:8      | Reached XP level 10. HP: 58/88 MP: 10/14
  8174 | D:8      | Reached ***** piety under Okawaru
  8403 | D:8      | Noticed Pikel
  8421 | D:8      | Killed Pikel
  8501 | D:8      | Reached skill level 1 in Throwing
  9014 | D:9      | Received a gift from Okawaru
  9124 | D:9      | Reached skill level 10 in Axes
  9308 | D:9      | Noticed Gastronok
  9328 | D:10     | Entered Level 10 of the Dungeon
  9344 | D:10     | Noticed a centaur warrior
  9710 | D:9      | Received a gift from Okawaru
  9711 | D:9      | Reached XP level 11. HP: 67/97 MP: 9/17
 10075 | D:9      | Noticed a two-headed ogre
 10092 | D:9      | Killed a two-headed ogre
 10309 | D:10     | Noticed a boulder beetle
 10576 | D:10     | Noticed a skeletal warrior
 10612 | D:10     | Noticed a tengu warrior
 10887 | D:11     | Noticed a manticore
 10901 | D:11     | Killed a manticore
 11012 | D:11     | Reached ****** piety under Okawaru
 11514 | D:11     | Reached skill level 11 in Axes
 11514 | D:11     | Acquired the +13 plate armour of the Heavens {rElec rF- rC+
                  | Regen+}
 11514 | D:11     | Received a gift from Okawaru
 11688 | D:11     | Received a gift from Okawaru
 11772 | D:11     | Noticed a cyclops
 11807 | D:11     | Killed a cyclops
 11808 | D:11     | Reached skill level 10 in Fighting
 11816 | D:11     | Noticed a boulder beetle
 11829 | D:11     | Killed a boulder beetle
 12023 | D:11     | Noticed a manticore
 12031 | D:11     | Killed a manticore
 12032 | D:11     | Reached XP level 12. HP: 74/106 MP: 13/19
 12152 | D:11     | Identified the +3 leather armour "Foups" {Slay+2}
 12173 | D:11     | Identified the +0 leather armour of Kipraef {*Corrode rF++}
 12332 | D:9      | Killed a boulder beetle
 12474 | D:4      | Bought a ring of protection from fire for 325 gold pieces
 12631 | D:4      | Killed pigah's ghost
 12800 | D:7      | Killed hito's ghost
 12940 | D:8      | Acquired a +2 executioner's axe of electrocution
 12940 | D:8      | Received a gift from Okawaru
 12974 | D:8      | Found a staircase to the Lair.
 13055 | Lair:1   | Entered Level 1 of the Lair of Beasts
 13055 | Lair:1   | Noticed Maggie
 13061 | Lair:1   | Killed Maggie
 13207 | Lair:1   | Noticed Urug
 13230 | Lair:1   | Killed Urug
 13246 | Lair:1   | Reached skill level 10 in Invocations
 13256 | Lair:1   | Received a gift from Okawaru
 13269 | Lair:1   | Reached skill level 5 in Throwing
 13508 | Lair:1   | Reached skill level 12 in Axes
 13743 | Lair:1   | Noticed an eight-headed hydra
 13759 | Lair:1   | Killed a three-headed hydra
 13760 | Lair:1   | Reached skill level 10 in Armour
 14018 | Lair:2   | Received a gift from Okawaru
 14081 | Lair:2   | Reached XP level 13. HP: 109/116 MP: 18/20
 14093 | Lair:2   | Reached skill level 13 in Axes
 14126 | Lair:2   | Identified the +5 dagger of Zosugoh {flame, *Slow Fly rPois
                  | Will-}
 14166 | Lair:2   | Found a staircase to the Snake Pit.
 14361 | Lair:2   | Found a dark tunnel.
 14403 | Lair:2   | Received a gift from Okawaru
 15070 | Lair:3   | Received a gift from Okawaru
 15248 | Lair:3   | Reached skill level 14 in Axes
 15382 | Lair:3   | Received a gift from Okawaru
 15390 | Lair:3   | Found a staircase to the Swamp.
 15715 | Lair:4   | Reached XP level 14. HP: 105/126 MP: 11/22
 15724 | Lair:3   | Received a gift from Okawaru
 15797 | Arena    | Entered the Arena
 15807 | Arena    | Gained mutation: You are robust. (+10% HP) [potion of
                  | mutation]
 15807 | Arena    | Gained mutation: You are agile. (Dex +4, Str/Int -1)
                  | [potion of mutation]
 15807 | Arena    | Gained mutation: You are very agile. (Dex +8, Str/Int -2)
                  | [potion of mutation]
 15809 | Arena    | HP: 6/138 [skyshark (5)]
 16261 | Lair:4   | Found a staircase to the Slime Pits.
 16489 | Lair:4   | Found a runed translucent door.
 16884 | Lair:5   | Entered Level 5 of the Lair of Beasts
 17061 | Slime:1  | Entered Level 1 of the Pits of Slime
 17061 | Slime:1  | Noticed a rockslime
 17061 | Slime:1  | Noticed an azure jelly
 17184 | Lair:5   | Reached skill level 15 in Axes
 17271 | Lair:5   | Received a gift from Okawaru
 17618 | Lair:5   | Received a gift from Okawaru
 17622 | Lair:5   | Reached XP level 15. HP: 129/147 MP: 24/24
 17628 | Lair:5   | Reached skill level 16 in Axes
 17931 | Lair:5   | Received a gift from Okawaru
 18946 | D:12     | Found a staircase to the Orcish Mines.
 18960 | Orc:1    | Entered Level 1 of the Orcish Mines
 18965 | Orc:1    | Paralysed by an orc sorcerer for 4 turns
 20021 | D:13     | Found Voigad's Antique Weapon Shop.
 20114 | D:13     | Found a gate to the Vaults.
 20297 | Orc:1    | Found a roughly hewn altar of Beogh.
 20481 | Orc:2    | Entered Level 2 of the Orcish Mines
 20538 | Orc:2    | Received a gift from Okawaru
 21037 | Orc:2    | Found a staircase to the Elven Halls.
 21132 | Orc:2    | Found Anuas's Antique Armour Shoppe.
 21132 | Orc:2    | Found Xobop's General Store.
 21133 | Orc:2    | Found Paciacwe's Assorted Antiques.
 21137 | Orc:2    | Found Qadeip Buim's General Store.
 21141 | Orc:2    | Bought a scroll of poison for 44 gold pieces
 21170 | Orc:2    | Bought a scroll of identify for 70 gold pieces
 21176 | Orc:2    | Bought a scroll of teleportation for 48 gold pieces
 21176 | Orc:2    | Bought a ring of see invisible for 240 gold pieces
 21176 | Orc:2    | Bought 5 darts of dispersal for 72 gold pieces
 21181 | Orc:2    | Bought a scroll of fog for 64 gold pieces
 21196 | Orc:2    | Bought a scroll labelled ETUISA LOGI for 35 gold pieces
 21196 | Orc:2    | Bought a scroll labelled GUROPHIN ICVAY for 35 gold pieces
 21391 | Orc:2    | Found a roughly hewn altar of Beogh.
 21501 | Orc:1    | Received a gift from Okawaru
 21714 | Orc:1    | Found a runed translucent door.
 21717 | Orc:1    | Noticed a balrug
 22121 | D:10     | Reached skill level 17 in Axes
 22293 | D:10     | Found a blossoming altar of Fedhas.
 22345 | D:10     | Identified the -1 pair of gloves of Qazlal's Vengeance
                  | {Dex+3}
 22391 | D:10     | Found Ugin's Weapon Shoppe.
 22441 | D:10     | Noticed Erica
 22461 | D:10     | Killed Erica
 22636 | D:10     | Reached XP level 16. HP: 155/159 MP: 26/26
 23322 | D:13     | Received a gift from Okawaru
 23351 | D:13     | Noticed Snorg
 23353 | D:13     | Found Utaome's Weapon Shop.
 23360 | D:13     | Killed Snorg
 24273 | D:15     | Entered Level 15 of the Dungeon
 24382 | D:15     | Reached skill level 15 in Armour
 24766 | Swamp:1  | Entered Level 1 of the Swamp
 24983 | Swamp:1  | Received a gift from Okawaru
 24996 | Arena    | Entered the Arena
 25150 | Snake:1  | Entered Level 1 of the Snake Pit
 25344 | Snake:1  | Found Rualir's General Store.
 25468 | Snake:1  | Reached skill level 10 in Dodging
 26252 | Arena    | Entered the Arena
 27223 | Snake:2  | Received a gift from Okawaru
 27352 | Snake:2  | Reached XP level 17. HP: 169/169 MP: 27/27
 27668 | Snake:2  | Reached skill level 18 in Axes
 27926 | Snake:3  | Identified the +8 chain mail "Toluc" {Regen+}
 28029 | Snake:3  | Reached skill level 10 in Throwing
 28100 | Snake:3  | Received a gift from Okawaru
 28465 | Snake:3  | Reached skill level 15 in Fighting
 28765 | Snake:4  | Entered Level 4 of the Snake Pit
 28782 | Snake:4  | Reached skill level 15 in Invocations
 29386 | Snake:4  | Received a gift from Okawaru
 29836 | Snake:4  | Received a gift from Okawaru
 29870 | Snake:4  | Reached XP level 18. HP: 85/179 MP: 29/29
 30104 | Snake:4  | Noticed a quicksilver dragon
 30119 | Snake:4  | Killed a quicksilver dragon
 30315 | Snake:4  | Got a serpentine rune of Zot
 30935 | Swamp:1  | Received a gift from Okawaru
 31662 | Swamp:2  | Reached skill level 19 in Axes
 31786 | Swamp:2  | Received a gift from Okawaru
 32153 | Swamp:3  | Noticed Louise
 32201 | Swamp:3  | Killed Louise
 32556 | Swamp:3  | Noticed a tentacled monstrosity
 32565 | Swamp:3  | Killed a tentacled monstrosity
 32836 | Swamp:4  | Entered Level 4 of the Swamp
 33270 | Swamp:4  | Received a gift from Okawaru
 33310 | Swamp:4  | Paralysed by a fenstrider witch for 5 turns
 33324 | Swamp:4  | Noticed a tentacled monstrosity
 33329 | Swamp:4  | HP: 2/182 [something/blast of flame (55)]
 33332 | Arena    | Entered the Arena
 33853 | Vaults:1 | Entered Level 1 of the Vaults
 33983 | Vaults:1 | Received a gift from Okawaru
 33985 | Vaults:1 | Reached XP level 19. HP: 176/189 MP: 31/31
 34472 | Vaults:1 | Received a gift from Okawaru
 35723 | Vaults:2 | Received a gift from Okawaru
 35819 | Vaults:2 | Reached skill level 20 in Axes
 36161 | Vaults:2 | Found a staircase to the Crypt.
 36255 | Vaults:2 | Received a gift from Okawaru
 36320 | Vaults:2 | Reached XP level 20. HP: 195/202 MP: 32/32
 36691 | Vaults:2 | Identified the serpent talisman of Itolecs {rC+ rCorr
                  | Str+2}
 36691 | Vaults:2 | Noticed Aizul
 36700 | Vaults:2 | Killed Aizul
 36717 | Vaults:2 | Found Osiret's Jewellery Boutique.
 36721 | Vaults:2 | Bought the ring of Dioweits {^Drain rF+ Will+ rCorr Slay+2}
                  | for 521 gold pieces
 36726 | Vaults:2 | Bought the ring "Hoivvac" {Fly Str+6 Int-3 Dex+3} for 496
                  | gold pieces
 36829 | Crypt:1  | Entered Level 1 of the Crypt
 37216 | Vaults:3 | Identified the +2 pair of gloves of Decompression {Will+}
 37216 | Vaults:3 | Noticed Nikola
 37227 | Vaults:3 | Killed Nikola
 37340 | Vaults:3 | Paralysed by a formless jellyfish for 1 turns
 37397 | Vaults:3 | Found Noedots's Armour Shop.
 37693 | Vaults:3 | Paralysed by a formless jellyfish for 1 turns
 37894 | Vaults:3 | Received a gift from Okawaru
 38146 | Vaults:3 | Noticed Norris
 38423 | Vaults:4 | Paralysed by a formless jellyfish for 1 turns
 38759 | Vaults:4 | Noticed a dread lich
 38765 | Vaults:4 | Received a gift from Okawaru
 38772 | Vaults:4 | Killed a dread lich
 38913 | Vaults:4 | Found Ruedy's Weapon Shop.
 38942 | Vaults:4 | Reached XP level 21. HP: 184/212 MP: 34/34
 39228 | Vaults:4 | Reached skill level 21 in Axes
 39473 | Vaults:4 | Received a gift from Okawaru
 40104 | Swamp:4  | Reached skill level 15 in Throwing
 40662 | Swamp:4  | Got a decaying rune of Zot
 40671 | Swamp:4  | Upgraded the game from 0.31.0 to 0.31.0-2-g5a2aebc5c2
 40982 | D:9      | Killed Gastronok
 41253 | D:15     | Identified the ring "Hoolih" {*Slow rPois rF+ Int+6 Dex+5}
 41291 | D:15     | Lost mutation: You are robust. (+10% HP) [potion of
                  | mutation]
 41291 | D:15     | Lost mutation: You are very agile. (Dex +8, Str/Int -2)
                  | [potion of mutation]
 41291 | D:15     | Lost mutation: You are agile. (Dex +4, Str/Int -1) [potion
                  | of mutation]
 41291 | D:15     | Gained mutation: You have an increased reservoir of magic.
                  | (+10% MP) [potion of mutation]
 41291 | D:15     | Gained mutation: You occasionally lose the ability to drink
                  | potions when taking damage. [potion of mutation]
 41291 | D:15     | Gained mutation: Your muscles are strong. (Str +4, Int/Dex
                  | -1) [potion of mutation]
 41342 | D:15     | Identified the +10 glaive of Putrescence {flame, rN+ Str+3
                  | Stlth+}
 41373 | D:15     | Received a gift from Okawaru
 41396 | D:15     | Identified the ring of Xoarist {rElec rC+ Dex+2 Slay-2
                  | SInv}
 41415 | D:15     | Found a staircase to the Depths.
 41528 | D:15     | Identified the +9 morningstar of Recse {flame, +Blink rF+}
 41572 | D:15     | Identified the ring of Opladaf {rPois rF+}
 41629 | D:15     | Found Nodwyapu's Book Emporium.
 41678 | D:15     | Found a transporter.
 41757 | D:15     | Found Fyofruq's Assorted Antiques.
 41769 | D:15     | Bought a scroll labelled ROUBAFR QESU for 26 gold pieces
 41909 | D:15     | Found a transporter.
 41942 | D:15     | Found Zinac's Jewellery Emporium.
 42156 | Depths:1 | Entered Level 1 of the Depths
 42191 | Depths:1 | Found a white marble altar of Elyvilon.
 42206 | Depths:1 | Received a gift from Okawaru
 42385 | Depths:1 | Found a gateway to Hell.
 42474 | Depths:1 | Found a glowing silver altar of Zin.
 42512 | Depths:1 | Noticed Mara
 43041 | Depths:1 | Noticed ShnitzelX3's illusion
 43102 | Depths:2 | Received a gift from Okawaru
 43120 | Depths:2 | Reached XP level 22. HP: 148/194 MP: 38/38
 43166 | Depths:2 | Found a flickering gateway to a bazaar.
 43259 | Bazaar   | Entered a bazaar
 43260 | Bazaar   | Found Yvuq's Book Boutique.
 43282 | Bazaar   | Found Denouval's Book Boutique.
 43290 | Bazaar   | Found Mavvy's Weapon Shop.
 43297 | Bazaar   | Found Qasamith's Magic Scroll Shoppe.
 43305 | Bazaar   | Bought 2 scrolls of blinking for 210 gold pieces
 43305 | Bazaar   | Bought a scroll of fog for 56 gold pieces
 43305 | Bazaar   | Bought a scroll of teleportation for 42 gold pieces
 43319 | Bazaar   | Bought a scroll of brand weapon for 133 gold pieces
 43330 | Bazaar   | Bought a manual of Fighting for 1200 gold pieces
 43535 | Depths:2 | Found a one-way gate leading to the halls of Pandemonium.
 43540 | Depths:2 | Identified the +6 shortbow "Zerruink" {drain, rF+ rC+ Will-
                  | Str+4}
 43691 | Depths:2 | Identified the +4 scale mail of Puosen {rF+}
 44162 | Depths:3 | Found a one-way gate to the infinite horrors of the Abyss.
 44297 | Depths:3 | Found Icishreb's Armour Shop.
 44302 | Depths:3 | Found Heduuz's Jewellery Shop.
 44314 | Depths:3 | Received a gift from Okawaru
 44327 | Depths:3 | Reached skill level 22 in Axes
 44458 | Depths:3 | Found a runed translucent door.
 44464 | Depths:3 | Found a runed translucent door.
 45207 | Depths:3 | Noticed a juggernaut
 45278 | Depths:4 | Entered Level 4 of the Depths
 45426 | Depths:3 | Received a gift from Okawaru
 45461 | Depths:4 | Noticed a golden dragon
 45551 | Depths:4 | Killed a golden dragon
 45762 | Depths:4 | Noticed a golden dragon
 45771 | Depths:4 | Killed a golden dragon
 45842 | Depths:4 | Found Kuluguk's Demolitions Depot.
 45894 | Depths:4 | Received a gift from Okawaru
 45944 | Depths:4 | Found a gate to the Realm of Zot.
 45990 | Depths:4 | Found a one-way gateway to a ziggurat.
 46414 | Vaults:5 | Entered Level 5 of the Vaults
 46420 | Vaults:5 | Reached XP level 23. HP: 189/217 MP: 40/40
 46483 | Vaults:5 | Noticed a golden dragon
 46485 | Vaults:5 | Noticed a dread lich
 46606 | Vaults:5 | Received a gift from Okawaru
 46788 | Vaults:5 | Noticed a dread lich
 46810 | Vaults:5 | Killed a dread lich
 46873 | Vaults:5 | Identified the ring of Niel {rF+ rC+ Int+4}
 46878 | Vaults:5 | Killed a dread lich
 46878 | Vaults:5 | Received a gift from Okawaru
 47102 | Vaults:5 | Noticed a dread lich
 47104 | Vaults:5 | Identified the +8 battleaxe of Equilibrium {spect, Str+4
                  | Int+3}
 47114 | Vaults:5 | Killed a dread lich
 47119 | Vaults:5 | Killed a golden dragon
 47129 | Vaults:5 | Reached skill level 23 in Axes
 47198 | Vaults:5 | Received a gift from Okawaru
 47493 | Vaults:5 | Identified the +1 trident "Eleuv" {antimagic, rPois}
 47663 | Vaults:5 | Received a gift from Okawaru
 47696 | Vaults:5 | Reached XP level 24. HP: 224/233 MP: 41/41
 47734 | Vaults:5 | Got a silver rune of Zot
 48033 | Vaults:5 | Identified the +3 hand axe "Aprocaga" {freeze, Int+2}
 48082 | Vaults:5 | Found Kaitsuusk's General Store.
 48090 | Vaults:5 | Bought a wand of quicksilver (3) for 214 gold pieces
 48090 | Vaults:5 | Bought a wand of quicksilver (1) for 71 gold pieces
 48531 | Zot:1    | Entered Level 1 of the Realm of Zot
 49153 | Vaults:2 | Bought a ring of positive energy for 220 gold pieces
 50288 | Zot:1    | Received a gift from Okawaru
 51143 | Zot:2    | Got the Guidebook on Atmospheric Erosion
 51336 | Zot:2    | Received a gift from Okawaru
 51572 | Zot:2    | Identified the +6 hand axe of Tuosch {holy, rC+}
 51781 | Zot:3    | Noticed an orb of fire
 51783 | Zot:3    | Gained mutation: Your spells are a little harder to cast,
                  | but a little more powerful. [an orb of fire]
 51787 | Zot:3    | Killed an orb of fire
 52028 | Zot:3    | Reached skill level 24 in Axes
 52065 | Zot:3    | Reached XP level 25. HP: 113/243 MP: 41/41
 52248 | Zot:3    | Reached skill level 15 in Dodging
 52308 | Zot:3    | Received a gift from Okawaru
 53494 | Zot:3    | Received a gift from Okawaru
 54251 | Zot:4    | Received a gift from Okawaru
 54858 | Zot:4    | Identified the amulet of Sabb {Acrobat Will+}
 55425 | Zot:4    | Got Sif Muna's Tome of Spectres and Reconfiguration
 55501 | Zot:5    | Entered Level 5 of the Realm of Zot
 55535 | Zot:5    | Noticed a Killer Klown
 55545 | Zot:5    | Received a gift from Okawaru
 55553 | Zot:5    | Reached XP level 26. HP: 187/253 MP: 39/42
 55559 | Zot:5    | Killed a Killer Klown
 55567 | Zot:5    | Noticed an orb of fire
 55582 | Zot:5    | Noticed an orb of fire
 55584 | Zot:5    | Gained mutation: Armour fits poorly on your strangely
                  | shaped body. [an orb of fire]
 55585 | Zot:5    | Killed an orb of fire
 55598 | Zot:5    | Killed an orb of fire
 55949 | Zot:5    | Reached skill level 25 in Axes
 56060 | Zot:5    | Noticed an orb of fire
 56077 | Zot:5    | Gained mutation: You are occasionally teleported next to
                  | monsters. [an orb of fire]
 56079 | Zot:5    | Killed an orb of fire
 56080 | Zot:5    | Lost mutation: Your muscles are strong. (Str +4, Int/Dex
                  | -1) [potion of mutation]
 56080 | Zot:5    | Lost mutation: Your spells are a little harder to cast, but
                  | a little more powerful. [potion of mutation]
 56080 | Zot:5    | Lost mutation: You have an increased reservoir of magic.
                  | (+10% MP) [potion of mutation]
 56080 | Zot:5    | Gained mutation: You are somewhat resistant to further
                  | mutation. [potion of mutation]
 56081 | Zot:5    | Lost mutation: Armour fits poorly on your strangely shaped
                  | body. [potion of mutation]
 56081 | Zot:5    | Lost mutation: You are occasionally teleported next to
                  | monsters. [potion of mutation]
 56081 | Zot:5    | Lost mutation: You are somewhat resistant to further
                  | mutation. [potion of mutation]
 56081 | Zot:5    | Gained mutation: You are dopey. (Int -2) [potion of
                  | mutation]
 56292 | Zot:5    | Received a gift from Okawaru
 56571 | Zot:5    | Got the Orb of Zot
 56574 | Zot:5    | Noticed a Killer Klown
 56577 | Zot:5    | Noticed an ancient lich
 56625 | Zot:5    | Killed a Killer Klown
 56899 | D:14     | Noticed Evvel the pandemonium lord
 56927 | D:12     | Noticed Veotzehi the pandemonium lord
 56952 | Abyss:5  | Cast into level 5 of the Abyss (Veotzehi)
 56972 | Abyss:5  | Found a corrupted altar of Lugonu.
 56999 | Abyss:5  | Received a gift from Okawaru
 57001 | Abyss:5  | Got an abyssal rune of Zot
 57137 | D:12     | Escaped the Abyss
 57380 | D:1      | Noticed Efezialan the pandemonium lord
 57417 | D:$      | Escaped with the Orb!

Illustrated notes

Levels and vault maps discovered:
D:1:      ncdulo_smallfort, layout_basic, basic_ecumenical_altar
D:2:      layout_loops_ring, hex_tiny
D:3:      layout_basic
D:4:      layout_gridville, minitemple, serial_shops, nicolae_shop_statue_plus,
          ebering_ghost_rock_garden, kennysheep_small_spiral,
          serial_bayou_pond_a, hangedman_decor_points, uniq_ijyb
D:5:      layout_basic, uniq_blork_the_orc
D:6:      layout_basic, minmay_temple_entry_large_hall, uniq_eustachio,
          uniq_edmund, uniq_duvessa
D:7:      layout_basic, hellmonk_ghost_happy_afterlife, minmay_circle_x
D:8:      layout_basic, erik_lair_dragon, uniq_pikel
D:9:      nicolae_hitomezashi [nicolae_hito_row, nicolae_hito_row,
          nicolae_hito_row, nicolae_hito_row, nicolae_hito_row,
          nicolae_hito_row, nicolae_hito_row, nicolae_hito_row,
          nicolae_hito_row, nicolae_hito_row, nicolae_hito_row,
          nicolae_hito_row, nicolae_hito_row, nicolae_hito_row,
          nicolae_hito_row, nicolae_hito_row, nicolae_hito_row,
          nicolae_hito_row], layout_loops_ring, grunt_ministairs_12,
          uniq_gastronok
D:10:     minmay_the_grid_square_5x5_4x4 [minmay_the_grid_square_5x5_two,
          minmay_the_grid_square_5x5_corner, minmay_the_grid_square_5x5_inset,
          minmay_the_grid_square_5x5_fancy_junction,
          minmay_the_grid_square_5x5_minibox,
          minmay_the_grid_square_5x5_prize_open,
          minmay_the_grid_square_5x5_prize_itemx,
          minmay_the_grid_square_5x5_mess, minmay_the_grid_square_5x5_trominoes,
          minmay_the_grid_square_5x5_prize_pseudospiral,
          minmay_the_grid_square_5x5_prize_monsterx,
          minmay_the_grid_square_5x5_two_small,
          minmay_the_grid_square_5x5_checkered_statues,
          minmay_the_grid_square_5x5_eight_small,
          minmay_the_grid_square_5x5_n_small,
          minmay_the_grid_square_5x5_dogpile], layout_grid_maze, fedhas_altar_1,
          serial_shops, shop, chequers_serial_rivers_micro_e, uniq_erica
D:11:     layout_loops_ring, minmay_fractal_squares_gapless_5
D:12:     layout_grid_maze, orc_0_dummy, corexii_corridor_pit
D:13:     layout_roguey, david_vaults_2, serial_shops, nicolae_stop_n_shop_2,
          nicolae_square_shop, uniq_snorg
D:14:     layout_basic, kennysheep_generic_room_15
D:15:     hangedman_spin_cycle
Lair:1:   layout_regular_city, lemuel_fruit_tree, grunt_megastairs_4,
          uniq_maggie, uniq_urug
Lair:2:   layout_loops_ring, minmay_snake_entry_six_corridors,
          gauntlet_entry_generic, enter_volcano_1, grunt_forest_stairs_basic
Lair:3:   layout_gridlike, nicolae_swamp_entry_splash_gauntlet, nzn_random_ring
Lair:4:   gammafunk_mikee_crab_dinner, layout_regular_city,
          nicolae_slime_entry_slimehenge
Lair:5:   minmay_lair_end_enchanted_forest, layout_regular_city,
          grunt_megastairs_3
Swamp:1:  layout_falls_marsh, evilmike_swamp_ruin_rubble_2,
          nicolae_swamp_long_stream
Swamp:2:  layout_falls_marsh, nicolae_swamp_feature_on_the_river_bank
Swamp:3:  layout_basic_swamp, nicolae_swamp_treefoil, infiniplex_staircase_pool,
          uniq_louise
Swamp:4:  swamp_fiery, layout_basic_swamp, swamp_pool_1_2
Snake:1:  layout_chambers, minmay_shop_grid_forest
Snake:2:  layout_onion, drop_trap, nicolae_snake_salamander_zone
Snake:3:  layout_cave_shapes, hangedman_snake_corridor_split
Snake:4:  hellmonk_snake_rune_quicksilver_temple, layout_cave_town
Slime:1:  layout_caves
Orc:1:    dreamdust_dug_too_deep, layout_caves, basic_altar
Orc:2:    st_orc_mages, layout_caves, nicolae_orc_lost_temple
Vaults:1: v_misc_22, v_rooms_5, v_misc_30, nicolae_vaults_trapezoid_2,
          nicolae_vaults_ring_of_whatevers, nicolae_vaults_double_plus_2,
          ontoclasm_vaults_gallery, nicolae_vaults_closet_pinwheel_1,
          ontoclasm_vaults_twist, nicolae_vaults_storage_closets_3,
          layout_vaults_omnigrid
Vaults:2: nicolae_vaults_heart-shaped_vault, minmay_crypt_entry_simple_statues,
          vaults_room_ringed_pool, ontoclasm_vaults_fault,
          nicolae_vaults_trapezoid_2, hangedman_vaults_pinch,
          ontoclasm_vaults_loading_screen, nicolae_vaults_six-pack,
          vaults_mumra_minichess_inversion, nicolae_vaults_double_plus_3,
          vaults_room_glass_cross, v_misc_14, nicolae_vaults_trapezoid_3,
          nicolae_vaults_tetromino_L_1, nicolae_vaults_three_branches,
          v_rooms_5, nicolae_vaults_specimen_jars, vaults_room_door_ring,
          layout_vaults_maze_snakey, serial_shops, shop, uniq_aizul
Vaults:3: vaults_mumra_minichess, nicolae_vaults_trapezoid_layered, v_misc_27,
          hangedman_vaults_variations, ontoclasm_vaults_ligature,
          nicolae_vaults_know_your_exits, v_misc_23,
          nicolae_vaults_trapezoid_lopsided_3, vaults_room_hallway,
          grunt_vaults_hallway_short, nicolae_vaults_taking_the_gang_shopping,
          nicolae_vaults_tetromino_T_2, layout_vaults_omnicross, uniq_norris,
          uniq_nikola
Vaults:4: nicolae_vaults_house_1, nicolae_vaults_trapezoid_2,
          nicolae_vaults_trapezoid_lopsided_4, nicolae_vaults_octothorpe,
          v_misc_9, nicolae_vaults_trapezoid_lopsided_3,
          vaults_standard_mumra_x, nicolae_vaults_two_Ls,
          vaults_room_grunt_arrival_checkpoint,
          nicolae_vaults_offset_grid_hallway_2, nicolae_vaults_more_shelving_2,
          grunt_vaults_twisty, nicolae_vaults_alarming, vaults_dpeg_hooks,
          ontoclasm_vaults_gateway, ontoclasm_vaults_shout,
          nicolae_vaults_house_1, layout_vaults_ring, serial_shops,
          nicolae_shop_pleasant_corner_grove
Vaults:5: serial_shops, uniq_margery
Crypt:1:  layout_misc_corridors, basic_altar
Depths:1: layout_gridlike, hell_entry, zin_angel,
          nicolae_elyvilon_peaceful_grove, uniq_mara
Depths:2: hellmonk_crumbling_castle, layout_cross, grunt_hell_entry_dis_mu,
          serial_shops, bzr_entry_gold, pan_entry
Depths:3: thingy_vault_2, layout_gridville, nrook_mini_vaults, abyss_entry,
          pf_vacation_house_of_asmodeus, minmay_shop_star
Depths:4: evilmike_zot_entry_diamond, layout_cave_pools, enter_ziggurat_b,
          hell_entry, nicolae_blasting_shop
Zot:1:    hangedman_zot_vaults_quadrants, layout_cathedral_of_symmetry,
          skrybe_zot_glass_2, grunt_ministairs_9
Zot:2:    layout_basic
Zot:3:    layout_cathedral_of_symmetry, grunt_megastairs_5
Zot:4:    regret_index_all_hallows'_manor, layout_onion_interference,
          regret_index_zotdec_obsidian_hm
Zot:5:    layout_cathedral_of_symmetry, nicolae_zig_zag_zippers

Skill      XL: |  1  2  3  4  5  6  7  8  9 10 11 12 13 14 15 16 17 18 19 20 21 22 23 24 25 26 |
---------------+-------------------------------------------------------------------------------+-----
Fighting       | 4 5 6 7 9 10 11 12 13 14 15 16 17 18 20 22 23 24 | 24.7
Axes           | 5 6 7 9 10 11 12 14 15 17 18 19 20 21 22 23 24 25 | 25.4
Armour         | 1 2 3 4 5 7 8 10 11 13 14 15 16 17 18 19 20 21 22 | 22.0
Dodging        | 3 4 5 6 7 8 9 10 11 12 13 14 15 16 | 16.0
Invocations    | 1 2 3 4 6 8 9 10 11 12 13 14 15 16 17 18 19 20 21 22 23 | 23.1
Ranged Weapons | 1 2 |  2.0
Shields        | 1 2 3 4 |  4.3
Evocations     | 1 3 |  3.9
Throwing       | 2 4 5 6 7 8 9 11 12 13 14 15 16 17 18 | 18.9
Stealth        | |  0.1

Action                     |  1- 3 |  4- 6 |  7- 9 | 10-12 | 13-15 | 16-18 | 19-21 | 22-24 | 25-27 || total
---------------------------+-------+-------+-------+-------+-------+-------+-------+-------+-------++-------
  Melee: Hand axe          |   115 |   167 |   244 |    21 |       |       |       |       |       ||   547
         War axe           |       |       |    70 |   387 |       |       |       |       |       ||   457
         Executioner's axe |       |       |       |   115 |   988 |  1139 |  1215 |  1103 |   664 ||  5224
         Broad axe         |       |       |       |     8 |    61 |    53 |    24 |       |       ||   146
         Punch             |       |       |       |       |     2 |     1 |       |       |       ||     3
         Glaive            |       |       |       |       |       |       |       |       |    18 ||    18
   Fire: Sling             |       |     7 |    51 |    10 |     5 |       |       |       |       ||    73
         Arbalest          |       |       |       |       |     6 |       |       |       |       ||     6
         Shortbow          |       |       |       |       |       |    24 |       |       |       ||    24
  Throw: Dart              |       |     3 |     5 |    10 |     3 |       |       |    11 |     2 ||    34
         Boomerang         |       |       |       |     6 |    39 |   151 |    48 |   114 |    42 ||   400
         Javelin           |       |       |       |       |     3 |    11 |       |    51 |    44 ||   109
 Invoke: Heroism           |       |       |     2 |     1 |     5 |     3 |     2 |     1 |     1 ||    15
         Receive Armour    |       |       |       |     1 |       |       |       |       |       ||     1
         Receive Weapon    |       |       |       |     1 |       |       |       |       |       ||     1
         Finesse           |       |       |       |       |     3 |     4 |     4 |     4 |     6 ||    21
         Duel              |       |       |       |       |     1 |     3 |       |       |       ||     4
  Evoke: Wand              |       |     1 |    12 |    12 |     9 |     8 |     2 |     4 |    17 ||    65
    Use: Scroll            |     1 |     3 |     4 |    13 |    14 |    20 |     8 |     8 |     9 ||    80
         Potion            |       |     1 |     1 |     1 |     4 |    11 |     3 |    12 |    18 ||    51
   Stab: Paralysed         |       |       |    19 |     9 |     2 |       |       |       |       ||    30
         Petrifying        |       |       |       |       |     3 |       |       |       |       ||     3
         Petrified         |       |       |       |       |     1 |       |       |       |       ||     1
         Distracted        |       |       |       |       |       |     1 |     1 |       |       ||     2
         Invisible         |       |       |       |       |       |       |       |     4 |       ||     4
 Armour: Robe              |     6 |       |       |       |       |       |       |       |       ||     6
         Ring mail         |    60 |    27 |       |       |       |       |       |       |       ||    87
         Chain mail        |       |    87 |   264 |   309 |       |       |       |       |       ||   660
         Skin              |       |    39 |       |       |       |       |       |       |       ||    39
         Plate armour      |       |       |       |   331 |  1361 |  1493 |  1292 |  1071 |   742 ||  6290
  Dodge: Dodged            |    61 |    77 |   142 |   296 |   655 |   826 |   824 |   593 |   395 ||  3869
  Block: Other             |       |       |       |       |   201 |   296 |   240 |   167 |   113 ||  1017
         Reflection        |       |       |       |       |     5 |    27 |    17 |     6 |       ||    55
